TOP OF THE 1ST |
El Paso Chihuahuas batting - Pitching for Indianapolis Indians : LHP Jim Turan
|
Pitching: LHP Jim Turan
|
|
Batting: LHB Angel Mejia
|
0-0: Swinging Strike 0-1: Ground out 4-3 (Groundball, 4, EV 86.2 MPH)
|
Batting: RHB Andy Sheridan
|
0-0: Ball 1-0: Ground out 4-3 (Groundball, 4MS, EV 77.5 MPH)
|
Batting: SHB Adam Martin
|
0-0: Ball 1-0: Called Strike 1-1: Called Strike 1-2: Ground out 6-3 (Groundball, 56, EV 91.9 MPH)
|
Top of the 1st over - 0 runs, 0 hits, 0 errors, 0 left on base; El Paso 0 - Indianapolis 0 |
BOTTOM OF THE 1ST |
Indianapolis Indians batting - Pitching for El Paso Chihuahuas : RHP Bobby Mauk
|
Pitching: RHP Bobby Mauk
|
|
Batting: RHB Andrew Robinson
|
0-0: Called Strike 0-1: Ball 1-1: Called Strike 1-2: Ball 2-2: Ball 3-2: Fly out, F8 (Flyball, 8RXD, EV 99.4 MPH)
|
Batting: RHB Ron Corn
|
0-0: SINGLE (Line Drive, 8RS, EV 100.6 MPH)
|
Batting: RHB Luis Ramos
|
0-0: Grounds into double play, 5-4-3 (Groundball, 5, EV 80.0 MPH)
|
Bottom of the 1st over - 0 runs, 1 hit, 0 errors, 0 left on base; El Paso 0 - Indianapolis 0 |
TOP OF THE 2ND |
El Paso Chihuahuas batting - Pitching for Indianapolis Indians : LHP Jim Turan
|
Batting: RHB Mike Maserang
|
0-0: Ball 1-0: Swinging Strike 1-1: Swinging Strike 1-2: Ball 2-2: Ball 3-2: Foul Ball, location: 2F 3-2: Strikes out swinging
|
Batting: RHB Bobby Gulsby
|
0-0: Ball 1-0: Called Strike 1-1: Ball 2-1: Foul Ball, location: 2F 2-2: Strikes out looking
|
Batting: RHB Dan Grable
|
0-0: Ball 1-0: Ball 2-0: Called Strike 2-1: Ball 3-1: Base on Balls
|
Batting: RHB Matt Fabre
|
0-0: Swinging Strike 0-1: Swinging Strike 0-2: Ball 1-2: Foul Ball, location: 2F 1-2: Ground out 6-3 (Groundball, 6M, EV 105.0 MPH)
|
Top of the 2nd over - 0 runs, 0 hits, 0 errors, 1 left on base; El Paso 0 - Indianapolis 0 |
BOTTOM OF THE 2ND |
Indianapolis Indians batting - Pitching for El Paso Chihuahuas : RHP Bobby Mauk
|
Batting: RHB Adam Kaeser
|
0-0: Called Strike 0-1: Ball 1-1: Ball 2-1: Ball 3-1: Swinging Strike 3-2: Foul Ball, location: 2F 3-2: SINGLE (Line Drive, 56D, EV 104.4 MPH)
|
Batting: RHB Caleb Russell
|
0-0: Called Strike 0-1: Foul Ball, location: 2F 0-2: Foul Ball, location: 2F 0-2: Ball 1-2: Strikes out swinging
|
Batting: RHB Freddy Quintero
|
0-0: Ball 1-0: Ball 2-0: Foul Ball, location: 2F 2-1: Ball 3-1: Swinging Strike 3-2: Base on Balls Adam Kaeser to second
|
Batting: RHB Richard Barrios
|
0-0: Called Strike 0-1: DOUBLE (Line Drive, 9LS, EV 105.6 MPH) Adam Kaeser scores Freddy Quintero to third
|
Batting: RHB Matt Keef
|
0-0: Ground out 5-3 (Groundball, 56S, EV 89.4 MPH) Freddy Quintero scores
|
Batting: RHB Keiji Nakajima
|
0-0: Called Strike 0-1: Foul Ball, location: 2F 0-2: Ball 1-2: Ball 2-2: Ground out 6-3 (Groundball, 6, EV 86.9 MPH)
|
Bottom of the 2nd over - 2 runs, 2 hits, 0 errors, 1 left on base; El Paso 0 - Indianapolis 2 |
TOP OF THE 3RD |
El Paso Chihuahuas batting - Pitching for Indianapolis Indians : LHP Jim Turan
|
Batting: RHB Adam Noyes
|
0-0: Called Strike 0-1: Ball 1-1: Swinging Strike 1-2: Strikes out swinging
|
Batting: RHB David Aguilar
|
0-0: Ball 1-0: Ball 2-0: Ground out 5-3 (Groundball, 5S, EV 66.9 MPH)
|
Batting: LHB Angel Mejia
|
0-0: Ball 1-0: Called Strike 1-1: Called Strike 1-2: Foul Ball, location: 2F 1-2: Ball 2-2: TRIPLE (Flyball, 89XD, EV 98.1 MPH)
|
Batting: RHB Andy Sheridan
|
0-0: Ball 1-0: Fly out, F7 (Line Drive, 7LM, EV 92.5 MPH)
|
Top of the 3rd over - 0 runs, 1 hit, 0 errors, 1 left on base; El Paso 0 - Indianapolis 2 |
BOTTOM OF THE 3RD |
Indianapolis Indians batting - Pitching for El Paso Chihuahuas : RHP Bobby Mauk
|
Batting: RHB Andrew Robinson
|
0-0: Ball 1-0: Foul Ball, location: 2F 1-1: Swinging Strike 1-2: Ball 2-2: Foul Ball, location: 2F 2-2: Ground out 3-1 (Groundball, 13, EV 82.5 MPH)
|
Batting: RHB Ron Corn
|
0-0: Ball 1-0: Ball 2-0: Ground out 4-3 (Groundball, 4, EV 98.8 MPH)
|
Batting: RHB Luis Ramos
|
0-0: Ball 1-0: Called Strike 1-1: Ball 2-1: Ball 3-1: Base on Balls
|
Batting: RHB Adam Kaeser
|
0-0: Called Strike Luis Ramos steals 2nd base (no throw) 0-1: Swinging Strike 0-2: Ball 1-2: Strikes out swinging
|
Bottom of the 3rd over - 0 runs, 0 hits, 0 errors, 1 left on base; El Paso 0 - Indianapolis 2 |
TOP OF THE 4TH |
El Paso Chihuahuas batting - Pitching for Indianapolis Indians : LHP Jim Turan
|
Batting: SHB Adam Martin
|
0-0: Ball 1-0: SINGLE (Groundball, 56D, EV 100.6 MPH)
|
Batting: RHB Mike Maserang
|
0-0: Ball 1-0: Ball 2-0: Fielders Choice at 2nd, 5-4 (Groundball, 56S, EV 81.9 MPH)
|
Batting: RHB Bobby Gulsby
|
0-0: Called Strike 0-1: Ball 1-1: Ball 2-1: Foul Ball, location: 2F 2-2: Strikes out looking
|
Batting: RHB Dan Grable
|
0-0: Swinging Strike 0-1: SINGLE (Groundball, 34, EV 110.6 MPH) - runner OUT being hit by batted ball. (infield hit)
|
Top of the 4th over - 0 runs, 2 hits, 0 errors, 1 left on base; El Paso 0 - Indianapolis 2 |
BOTTOM OF THE 4TH |
Indianapolis Indians batting - Pitching for El Paso Chihuahuas : RHP Bobby Mauk
|
Batting: RHB Caleb Russell
|
0-0: Ball 1-0: Swinging Strike 1-1: Swinging Strike 1-2: Foul Ball, location: 2F 1-2: Ball 2-2: Foul Ball, location: 2F 2-2: Foul Ball, location: 2F 2-2: Ball 3-2: Ground out 5-3 (Groundball, 56, EV 93.8 MPH)
|
Batting: RHB Freddy Quintero
|
0-0: Ball 1-0: Ball 2-0: Ground out 6-3 (Groundball, 6, EV 79.4 MPH)
|
Batting: RHB Richard Barrios
|
0-0: Ball 1-0: Foul Ball, location: 2F 1-1: Foul Ball, location: 2F 1-2: Ball 2-2: Ball 3-2: Base on Balls
|
Batting: RHB Matt Keef
|
0-0: Ball 1-0: Ball Richard Barrios steals 2nd base 2-0: Called Strike 2-1: Foul Ball, location: 2F 2-2: Strikes out swinging, 2-3 out at first.
|
Bottom of the 4th over - 0 runs, 0 hits, 0 errors, 1 left on base; El Paso 0 - Indianapolis 2 |
TOP OF THE 5TH |
El Paso Chihuahuas batting - Pitching for Indianapolis Indians : LHP Jim Turan
|
Batting: RHB Matt Fabre
|
0-0: Foul Ball, location: 2F 0-1: Fly out, F8 (Flyball, 78S, EV 88.8 MPH)
|
Batting: RHB Adam Noyes
|
0-0: Ball 1-0: Ground out 5-3 (Groundball, 56, EV 87.5 MPH)
|
Batting: RHB David Aguilar
|
0-0: Called Strike 0-1: Ball 1-1: Foul Ball, location: 2F 1-2: Strikes out swinging
|
Top of the 5th over - 0 runs, 0 hits, 0 errors, 0 left on base; El Paso 0 - Indianapolis 2 |
BOTTOM OF THE 5TH |
Indianapolis Indians batting - Pitching for El Paso Chihuahuas : RHP Bobby Mauk
|
Batting: RHB Keiji Nakajima
|
0-0: Swinging Strike 0-1: Foul Ball, location: 2F 0-2: Ball 1-2: SINGLE (Groundball, 6MD, EV 99.4 MPH)
|
Batting: RHB Andrew Robinson
|
0-0: Ball 1-0: Ball 2-0: Ball 3-0: SINGLE (Groundball, 4MD, EV 105.0 MPH) Keiji Nakajima to second Runner from 2nd tries for 3rd, SAFE, throw by CF made to third Andrew Robinson to second
|
Batting: RHB Ron Corn
|
0-0: Ball 1-0: Called Strike 1-1: Swinging Strike 1-2: Foul Ball, location: 2F 1-2: Foul Ball, location: 2F 1-2: Ball 2-2: Ball 3-2: Base on Balls
|
Batting: RHB Luis Ramos
|
0-0: Ball 1-0: Ball 2-0: Grounds into double play, 4-6-3 (Groundball, 4, EV 105.6 MPH) Keiji Nakajima scores Andrew Robinson to third
|
Batting: RHB Adam Kaeser
|
0-0: Ball 1-0: Ground out 2-3 (Groundball, 13S, EV 65.0 MPH)
|
Bottom of the 5th over - 1 run, 2 hits, 0 errors, 1 left on base; El Paso 0 - Indianapolis 3 |
TOP OF THE 6TH |
El Paso Chihuahuas batting - Pitching for Indianapolis Indians : LHP Jim Turan
|
Batting: LHB Angel Mejia
|
0-0: Foul Ball, location: 2F 0-1: Ball 1-1: Foul Ball, location: 2F 1-2: Strikes out swinging
|
Batting: RHB Andy Sheridan
|
0-0: Ball 1-0: Ball 2-0: Ball 3-0: Base on Balls
|
Batting: SHB Adam Martin
|
0-0: Grounds into double play, 6-4-3 (Groundball, 6, EV 88.8 MPH)
|
Top of the 6th over - 0 runs, 0 hits, 0 errors, 0 left on base; El Paso 0 - Indianapolis 3 |
BOTTOM OF THE 6TH |
Indianapolis Indians batting - Pitching for El Paso Chihuahuas : RHP Bobby Mauk
|
Pitching: LHP Steve Kenney
|
|
Batting: RHB Caleb Russell
|
0-0: Ball 1-0: Ball 2-0: Foul Ball, location: 2F 2-1: Ball 3-1: Called Strike 3-2: Base on Balls
|
Batting: RHB Freddy Quintero
|
0-0: Foul Ball, location: 2F 0-1: Foul Ball, location: 2F 0-2: Strikes out swinging
|
Batting: RHB Richard Barrios
|
0-0: Ball 1-0: Called Strike 1-1: Foul Ball, location: 2F 1-2: Ball 2-2: Fly out, F6 (Flyball, 6D, EV 91.2 MPH)
|
Batting: RHB Matt Keef
|
0-0: Ball 1-0: Ball 2-0: Ball 3-0: Base on Balls Caleb Russell to second
|
Batting: RHB Keiji Nakajima
|
0-0: Ball 1-0: Ball 2-0: Ball 3-0: Base on Balls Caleb Russell to third Matt Keef to second
|
Batting: RHB Andrew Robinson
|
0-0: Ball 1-0: Ball 2-0: Called Strike 2-1: Swinging Strike 2-2: Foul Ball, location: 2F 2-2: SINGLE (Flyball, 8LS, EV 91.2 MPH) Caleb Russell scores Matt Keef to third Keiji Nakajima to second Runner from 3rd tries for Home, SAFE, throw by CF to home
|
Pitching: RHP Rick Cotner
|
|
Batting: RHB Ron Corn
|
0-0: Ball 1-0: Ball 2-0: SINGLE (Flyball, 34D, EV 86.2 MPH) Keiji Nakajima to third Andrew Robinson to second
|
Batting: RHB Luis Ramos
|
0-0: Called Strike 0-1: Ball 1-1: Swinging Strike 1-2: Ball 2-2: Ball 3-2: Base on Balls Keiji Nakajima scores Andrew Robinson to third Ron Corn to second
|
Batting: RHB Adam Kaeser
|
0-0: Ball 1-0: Called Strike 1-1: Ball 2-1: SINGLE (Groundball, 3D, EV 104.4 MPH) Andrew Robinson scores Ron Corn to third Luis Ramos to second Runner from 3rd tries for Home, SAFE, throw by RF to home
|
Batting: RHB Caleb Russell
|
0-0: Ball Wild Pitch! Luis Ramos to third Adam Kaeser to second 1-0: Called Strike 1-1: Swinging Strike 1-2: Ball 2-2: Strikes out looking
|
Bottom of the 6th over - 5 runs, 3 hits, 0 errors, 2 left on base; El Paso 0 - Indianapolis 8 |
TOP OF THE 7TH |
El Paso Chihuahuas batting - Pitching for Indianapolis Indians : LHP Jim Turan
|
Batting: RHB Mike Maserang
|
0-0: Ground out U3 (Groundball, 13, EV 83.1 MPH)
|
Batting: RHB Bobby Gulsby
|
0-0: Ball 1-0: Ball 2-0: Ball 3-0: Called Strike 3-1: Ground out 6-3 (Groundball, 6, EV 101.9 MPH)
|
Batting: RHB Dan Grable
|
0-0: Ball 1-0: Ground out 3-1 (Groundball, 34D, EV 86.2 MPH)
|
Top of the 7th over - 0 runs, 0 hits, 0 errors, 0 left on base; El Paso 0 - Indianapolis 8 |
BOTTOM OF THE 7TH |
Indianapolis Indians batting - Pitching for El Paso Chihuahuas : RHP Rick Cotner
|
Batting: RHB Freddy Quintero
|
0-0: Called Strike 0-1: Foul Ball, location: 2F 0-2: Ball 1-2: Foul Ball, location: 2F 1-2: Foul Ball, location: 2F 1-2: Strikes out looking
|
Batting: RHB Richard Barrios
|
0-0: Ball 1-0: Ball 2-0: Ball 3-0: Base on Balls
|
Batting: RHB Matt Keef
|
0-0: Ball 1-0: Ball 2-0: Ball 3-0: Base on Balls Richard Barrios to second
|
Batting: RHB Keiji Nakajima
|
0-0: Called Strike 0-1: Ball 1-1: Ball 2-1: Foul Ball, location: 2F 2-2: Foul Ball, location: 2F 2-2: Foul Ball, location: 2F 2-2: Ball 3-2: Foul Ball, location: 2F 3-2: Grounds into double play, 6-4-3 (Groundball, 6, EV 92.5 MPH)
|
Bottom of the 7th over - 0 runs, 0 hits, 0 errors, 1 left on base; El Paso 0 - Indianapolis 8 |
TOP OF THE 8TH |
El Paso Chihuahuas batting - Pitching for Indianapolis Indians : LHP Jim Turan
|
Batting: RHB Matt Fabre
|
0-0: Called Strike 0-1: Swinging Strike 0-2: Strikes out swinging
|
Batting: RHB Adam Noyes
|
0-0: Called Strike 0-1: Foul Ball, location: 2F 0-2: Ball 1-2: SINGLE (Groundball, 6D, EV 108.8 MPH)
|
Batting: RHB David Aguilar
|
0-0: Called Strike 0-1: Foul Ball, location: 2F 0-2: Strikes out swinging
|
Batting: LHB Angel Mejia
|
0-0: Ball 1-0: Swinging Strike 1-1: Called Strike 1-2: SINGLE (Groundball, 34D, EV 106.9 MPH) Adam Noyes to second Runner from 2nd tries for 3rd, SAFE, throw by RF made to third Angel Mejia to second
|
Pitching: RHP Mitch Ingerson
|
|
Batting: RHB Andy Sheridan
|
0-0: Called Strike 0-1: Called Strike 0-2: Ball 1-2: Ball 2-2: 3-RUN HOME RUN (Flyball, 7LD, EV 94.4 MPH), Distance : 326 ft
|
Batting: SHB Adam Martin
|
0-0: Ball 1-0: Foul Ball, location: 2F 1-1: Swinging Strike 1-2: Ball 2-2: Strikes out swinging
|
Top of the 8th over - 3 runs, 3 hits, 0 errors, 0 left on base; El Paso 3 - Indianapolis 8 |
BOTTOM OF THE 8TH |
Indianapolis Indians batting - Pitching for El Paso Chihuahuas : RHP Rick Cotner
|
Batting: RHB Andrew Robinson
|
0-0: Called Strike 0-1: Foul Ball, location: 2F 0-2: Strikes out swinging
|
Batting: RHB Ron Corn
|
0-0: Fly out, F9 (Flyball, 9D, EV 103.8 MPH)
|
Batting: RHB Luis Ramos
|
0-0: Ball 1-0: Ground out 6-3 (Groundball, 6, EV 80.6 MPH)
|
Bottom of the 8th over - 0 runs, 0 hits, 0 errors, 0 left on base; El Paso 3 - Indianapolis 8 |
TOP OF THE 9TH |
El Paso Chihuahuas batting - Pitching for Indianapolis Indians : RHP Mitch Ingerson
|
Batting: RHB Mike Maserang
|
0-0: Ball 1-0: Foul Ball, location: 2F 1-1: Fly out, F9 (Flyball, 89M, EV 89.4 MPH)
|
Batting: RHB Bobby Gulsby
|
0-0: Ball 1-0: SINGLE (Groundball, 56D, EV 102.5 MPH)
|
Batting: RHB Dan Grable
|
0-0: Called Strike 0-1: Ball 1-1: SINGLE (Groundball, 6MD, EV 101.9 MPH) Bobby Gulsby to second
|
Batting: RHB Matt Fabre
|
0-0: Called Strike 0-1: Swinging Strike 0-2: Reached on error, E3 (Groundball, 34, EV 102.5 MPH) Bobby Gulsby to third Dan Grable to second
|
Batting: RHB Adam Noyes
|
0-0: Ball 1-0: Ball 2-0: Ball 3-0: Called Strike 3-1: Fielders Choice at 2nd, 4-6 (Groundball, 4, EV 86.9 MPH) Bobby Gulsby scores Dan Grable to third
|
Pitching: LHP Hideharu Omoto
|
|
Batting: RHB David Aguilar
|
0-0: Ball 1-0: Called Strike 1-1: Fielders Choice at 2nd, 6-4 (Groundball, 6, EV 88.1 MPH)
|
Top of the 9th over - 1 run, 2 hits, 1 error, 2 left on base; El Paso 4 - Indianapolis 8 |
|